AoeStats
← 陟遐自迩

Arabia

509853517Analyzed
4v4 RM · 3d ago on Sep 28, 2026· 51m 25s· 8 players
Game mode
Random Map
Map size
Large (8 player)
Population
200
Speed
Normal
Resources
Standard
Victory
Conquest
Starting age
Dark Age
Ending age
Imperial Age
RankedLock teamsTeams togetherTeam positionsShared explorationLock speedFull tech treeHidden civsTurbo modeCheats
Victory
Defeat
🇧🇷 Ethiopians · Brazil
1042
+14
🇩🇪 Huns · Germany
1004
+15
🇩🇪 Hindustanis · Germany
984
+16
🇪🇸 Magyars · Spain
943
+19
🇨🇳 Lithuanians · China
1000
-16
🇯🇵 Celts · Japan
994
-16
🇨🇳 Franks · China
986
-16
🇦🇺 Huns · Australia
982
-16
人在阵地在
11:21 Feudal Age
10:05 Loom
18:03 Castle Age
25:52 Gold Mining
27:31 Double-Bit Axe
29:20 Scale Barding Armor
32:17 Chain Barding Armor
32:53 Forging
36:37 Iron Casting
38:35 Imperial Age
36:47 Bow Saw
37:31 Husbandry
38:35 Wheelbarrow
38:42 Cavalier
40:31 Gold Shaft Mining
42:12 Plate Barding Armor
42:37 Blast Furnace
43:23 Hand Cart
44:15 Paladin
Crazy Rocket Sodawala of Ajmer
11:03 Feudal Age
9:21 Loom
16:23 Castle Age
14:28 Horse Collar
21:00 Scale Barding Armor
21:34 Forging
22:04 Bloodlines
23:09 Wheelbarrow
24:05 Chain Barding Armor
27:02 Husbandry
27:47 Iron Casting
28:09 Double-Bit Axe
30:34 Gold Mining
30:48 Heavy Plow
34:07 Stone Mining
34:58 Bow Saw
36:09 Gold Shaft Mining
41:20 Marauders
53:00 Imperial Age
50:46 Hand Cart
LWwcnm
2026
0:34 Loom
10:26 Feudal Age
14:46 Castle Age
13:12 Horse Collar
19:53 Fervor
20:12 Town Watch
24:48 Bloodlines
33:22 Husbandry
34:31 Forging
35:08 Scale Barding Armor
42:58 Imperial Age
41:42 Chain Barding Armor
42:13 Wheelbarrow
43:53 Elite Leitis
47:15 Plate Barding Armor
47:14 Murder Holes
47:52 Ballistics
47:56 Fletching
47:33 Pikeman
48:33 Bodkin Arrow
48:14 Halberdier
51:19 Bracer
Sam
11:28 Feudal Age
9:47 Loom
11:33 Feudal Age
12:34 Double-Bit Axe
16:37 Town Watch
16:34 Horse Collar
18:35 Fletching
20:19 Padded Archer Armor
26:28 Castle Age
26:38 Crossbowman
27:17 Bodkin Arrow
27:39 Heavy Plow
28:48 Bow Saw
29:58 Wheelbarrow
30:06 Gold Mining
31:05 Leather Archer Armor
33:03 Scale Mail Armor
33:14 Forging
33:07 Squires
34:17 Husbandry
40:27 Stone Mining
43:44 Imperial Age
42:23 Gold Shaft Mining
42:18 Thumb Ring
42:32 Chain Mail Armor
42:52 Iron Casting
43:23 Scale Barding Armor
44:18 Hand Cart
45:32 Stone Shaft Mining
45:03 Bracer
45:32 Ballistics
45:58 Fortified Wall
46:50 Chemistry
46:27 Chain Barding Armor
47:08 Blast Furnace
49:00 Ring Archer Armor
48:17 Arbalester
48:31 Heavy Camel Rider
50:03 Murder Holes
xAb0rt_N0w
12:28 Feudal Age
15:26 Loom
18:27 Castle Age
16:52 Double-Bit Axe
16:50 Horse Collar
20:25 Bow Saw
20:18 Heavy Plow
20:38 Fletching
20:48 Padded Archer Armor
21:37 Gold Mining
23:16 Bodkin Arrow
26:57 Thumb Ring
27:55 Ballistics
28:03 Leather Archer Armor
31:06 Gold Shaft Mining
30:55 Masonry
33:40 Bloodlines
33:30 Husbandry
38:06 Imperial Age
39:11 Wheelbarrow
39:40 Parthian Tactics
44:15 Bracer
44:18 Stone Mining
48:26 Heavy Cavalry Archer
juanam86
6:42 Loom
9:41 Feudal Age
14:35 Scale Barding Armor
21:31 Castle Age
21:08 Fletching
21:18 Padded Archer Armor
22:02 Pikeman
29:27 Wheelbarrow
29:45 Bodkin Arrow
30:26 Leather Archer Armor
30:21 Horse Collar
32:18 Thumb Ring
32:40 Ballistics
36:53 Hand Cart
38:30 Bloodlines
38:21 Husbandry
42:24 Imperial Age
41:16 Chain Barding Armor
43:15 Stone Mining
43:17 Gold Mining
42:49 Cavalier
43:58 Parthian Tactics
43:39 Bracer
47:43 Paladin
50:48 Plate Barding Armor
50:20 Heavy Cavalry Archer
陟遐自迩
0:28 Loom
12:18 Feudal Age
21:22 Castle Age
19:59 Double-Bit Axe
20:10 Stone Mining
23:47 Wheelbarrow
24:19 Horse Collar
24:51 Bow Saw
26:23 Heavy Plow
28:09 Gold Mining
32:42 Grand Trunk Road
33:59 Gold Shaft Mining
36:42 Imperial Age
34:51 Forging
34:51 Scale Barding Armor
35:17 Husbandry
36:25 Hand Cart
35:56 Town Watch
36:47 Bloodlines
38:26 Iron Casting
37:46 Heavy Camel Rider
40:15 Blast Furnace
39:29 Caravan
40:35 Chain Barding Armor
40:53 Imperial Camel Rider
42:56 Plate Barding Armor
44:37 Stone Shaft Mining
44:24 Conscription
44:05 Shatagni
44:40 Fletching
44:50 Padded Archer Armor
Connection lost

Rejoining the realm…

Still unreachable

The connection could not be restored.

Session expired

The server has moved on; the page needs a fresh start.